 Dungeon Crawl Stone Soup version 0.28-a0-984-g3775c662fe (webtiles) character file.

Game seed: 7480435338221233043

5 fragbeetle the Ruffian (level 1, 0/18 HPs)
             Began as a Naga Transmuter on Dec 4, 2021.
             Slain by a hound (2 damage)
             ... on level 1 of the Dungeon.
             The game lasted 00:01:27 (385 turns).

fragbeetle the Ruffian (Naga Transmuter)             Turns: 385, Time: 00:01:28

Health: 0/18       AC:  1    Str: 12    XL:     1   Next: 80%
Magic:  3/3        EV:  9    Int: 13    God:
Gold:   11         SH:  0    Dex: 11    Spells: 3/4 levels left

rFire   . . .      SeeInvis +     - Unarmed
rCold   . . .      Faith    .   (no shield)
rNeg    . . .      Spirit   .   a - +0 robe
rPois   +          Reflect  .   (no helmet)
rElec   .          Harm     .   (no cloak)
rCorr   .          Rampage  .   (no gloves)
Will    .....                   (no barding)
Stlth   +.........              (no amulet)
HPRegen 0.06/turn               (no ring)
MPRegen 0.08/turn               (no ring)

@: about to teleport, very slow
A: AC +0, large, see invisible, deformed body, poison resistance, slowness 2,
spit poison 1, naga tail 1
a: Spit Poison


You were on level 1 of the Dungeon.
You visited 1 branch of the dungeon, and saw 2 of its levels.

You collected 11 gold pieces.

Inventory:

Missiles
 c - 3 javelins
Armour
 a - a +0 robe (worn)
 e - a +0 leather armour
Scrolls
 d - a scroll of identify {unknown}
 f - a scroll of enchant weapon {unknown}


   Skills:
 + Level 1.0 Fighting
 * Level 1.6 Dodging
 * Level 3.3 Unarmed Combat
 + Level 2.0 Spellcasting
 + Level 2.0 Transmutations


You had 3 spell levels left.
You knew the following spells:

 Your Spells              Type           Power      Damage    Failure   Level
a - Beastly Appendage     Tmut           12%        N/A       11%         1

Your spell library contained the following spells:

 Spells                   Type           Power      Damage    Failure   Level
 Wereblood                Tmut           6%         N/A       17%         2
 Spider Form              Tmut/Pois      3%         N/A       45%         3
 Ice Form                 Ice/Tmut       3%         N/A       86%         4


Dungeon Overview and Level Annotations

Branches:
Dungeon (2/15)

Altars:

Shops:
D:1 :


Innate Abilities, Weirdness & Mutations

Your serpentine skin is tough. (AC +0)
You have supernaturally acute eyesight. (SInv)
Armour fits poorly on your strangely shaped body.
Your system is resistant to poisons. (rPois)
You cover ground very slowly.
You can spit poison.
You have a snake-like lower body.


Message History

You have got your breath back.
You see here a giant cockroach corpse.
f - a scroll labelled YTHRON UPAG Your horns disappear.
A hobgoblin comes into view.
The hobgoblin shouts!
There is a stone staircase leading down here.
You climb downwards.
The hound barks!
The hound closely misses you.
Found a robe.
There is a stone staircase leading up here.
The hound bites you but does no damage. The hound barely misses you.
You climb upwards.
The hobgoblin hits you.
There is a stone staircase leading down here.
The hound closely misses you. The hound bites you. The hound bites you.
The hobgoblin hits you.
* * * LOW HITPOINT WARNING * * *
You hit the hound.
The hound is moderately wounded.
The hound bites you.
* * * LOW HITPOINT WARNING * * *
The hound bites you.
* * * LOW HITPOINT WARNING * * *
The hobgoblin barely misses you.
You hit the hobgoblin.
The hobgoblin is moderately wounded.
The hound barely misses you.
You barely miss the hobgoblin.
The hobgoblin is moderately wounded.
The hound closely misses you.
The hobgoblin hits you but does no damage.
Casting: Beastly Appendage (safe; 11% risk of failure)
Confirm with . or Enter, or press ? or * to list all spells.
Okay, then.
As you read the scroll labelled ANIGIVO DOUME, it crumbles to dust.
You feel strangely unstable.
It was a scroll of teleportation.
The hound bites you.
You die...

...... ....# ....
.....# #+ ..#
.....# #.##.#
.....# .
#....#+#.....#
#+##.#............#
.......>.......#
...##....g.....+
#....h@....#
#..........#
##.....†...#
#.........#
#####...#.##
#...#..# #####
#......# ♣.....
####...## ♣..8..
####....# ♣.....


You could see a hound and a hobgoblin.

Vanquished Creatures
  A giant cockroach (D:1)
  2 hobgoblins (D:1)
  A frilled lizard (D:1)
  A rat (D:1)
5 creatures vanquished.

Notes
Turn   | Place    | Note
-------+----------+-------------------------------------------
     0 | D:1      | fragbeetle the Naga Transmuter began the quest for the Orb.
     0 | D:1      | Reached XP level 1. HP: 18/18 MP: 3/3
    30 | D:1      | Found Plog's Book Emporium.
   376 | D:2      | Noticed a hound
   385 | D:1      | Slain by a hound

Illustrated notes

Levels and vault maps discovered:
D:1:      giann_forest_graveyard, layout_basic, serial_shops,
          nicolae_shop_waterfront, shapermc_ecumenical_altar_pompeii
D:2:      layout_basic

Action                   || total
-------------------------++-------
Melee: Unarmed           ||    13
       Headbutt          ||     2
 Cast: Beastly Appendage ||     2
 Abil: Spit Poison       ||     3
  Use: Scroll            ||     1
Armor: Robe              ||     2
Dodge: Dodged            ||    10

Table legend: (Time is in decaauts)
 A = Elapsed time spent in this place.
 B = Non-inter-level travel time spent in this place.
 C = Inter-level travel time spent in this place.
 D = Time resting spent in this place.
 E = Time spent auto-exploring this place.
 F = Levels seen in this place.
 G = Mean time per level.
                   A        B        C        D        E       F      G
               +--------+--------+--------+--------+--------+-----+--------+
         Total |    433 |    433 |      0 |    230 |     45 |   2 |  216.5 |
       Dungeon |    433 |    433 |      0 |    230 |     45 |   2 |  216.5 |
               +--------+--------+--------+--------+--------+-----+--------+

Top non-repeatable levels by time:
     D:1: 429 daAuts
     D:2: 4 daAuts
